 Dungeon Crawl Stone Soup version 0.31-a0-816-gd61d57ddb1 (webtiles) character file.

Game seed: 1286873235067228131

502 Nedwor the Cutter (level 6, -4/48 HPs)
             Began as a Demonspawn Fighter on Sept 22, 2023.
             Succumbed to an orc's poison
             ... on level 5 of the Dungeon.
             The game lasted 00:05:44 (4086 turns).

Nedwor the Cutter (Demonspawn Fighter)              Turns: 4086, Time: 00:05:45

Health: -4/48      AC: 16    Str: 18    XL:     6   Next: 95%
Magic:  6/6        EV: 10    Int:  9    God:
Gold:   213        SH:  0    Dex: 13    Spells: 5/5 levels left

rFire   . . .        a - +0 rapier
rCold   . . .        c - +0 buckler
rNeg    . . .        m - +0 plate armour
rPois   .            n - +2 helmet
rElec   .            p - +0 cloak
rCorr   .            (no gloves)
SInv    .            (no boots)
Will    .....        k - amulet of regeneration Stlth
                     j - +5 ring of evasion
HPRegen 1.08/turn    (no ring)
MPRegen 0.20/turn

%: no passive effects
@: confused, lethally poisoned (-4 -> -24), studying Long Blades
A: hooves 1, magic regeneration, condensation shield
a: no special abilities


You were on level 5 of the Dungeon.
You visited 1 branch of the dungeon, and saw 5 of its levels.

You collected 213 gold pieces.

Inventory:

Hand Weapons
 a - a +0 rapier (weapon)
Armour
 c - a +0 buckler (worn)
 m - a +0 plate armour (worn)
 n - a +2 helmet (worn)
 p - a +0 cloak (worn)
Jewellery
 j - a +5 ring of evasion (left hand)
 k - an amulet of regeneration (around neck)
Scrolls
 b - a scroll of identify
 e - 3 scrolls of fog
 l - a scroll of enchant armour
Potions
 d - a potion of might
 g - 3 potions of invisibility
 i - a potion of enlightenment


   Skills:
 + Level 4.1 Fighting
 * Level 4.2 Short Blades
 + Level 3.8 Armour
 + Level 2.3 Dodging
 + Level 3.7 Shields


You had 5 spell levels left.
You didn't know any spells.
Your spell library contained the following spells:

 Spells                   Type           Power      Damage    Failure   Level
 Summon Guardian Golem    Hex/Summ       0%         N/A       100%        3
 Orb of Destruction       Conj           0%         9d5       100%        7
 Spellforged Servitor     Conj/Summ      0%         N/A       100%        7


Dungeon Overview and Level Annotations

Branches:
Dungeon (5/15)
 Temple: D:4-7

Altars:
Kikubaaqudgha


Innate Abilities, Weirdness & Mutations

You have large cloven feet.
You regenerate magic rapidly.
A meltable shield of frost defends you. (SH +4)


Message History

The orc misses you.
You're too confused to move!
You feel very sick. Something hits you but does no damage.
The orc wizard hits you with a +0 dagger.
The orc hits you but does no damage.
You are more poisoned.
You hit the orc. Your kick misses the orc.
The orc is lightly wounded.
You feel very sick. Something hits you but does no damage.
The orc wizard hits you but does no damage.
The orc hits you but does no damage.
You are more poisoned.
You barely miss something. Your kick misses something.
You feel very sick. Something completely misses you.
The orc wizard gestures at you while chanting.
You are more confused.
The orc hits you with a +2 dagger of venom.
* * * LOW HITPOINT WARNING * * *
You bump into the rock wall.
* * * LOW HITPOINT WARNING * * *
You feel very sick. Something hits you but does no damage.
The orc wizard barely misses you.
The orc hits you with a +2 dagger of venom.
* * * LOW HITPOINT WARNING * * *
You are more poisoned.
You closely miss something. Your kick misses something.
* * * LOW HITPOINT WARNING * * *
You feel very sick. Something hits you but does no damage.
The orc wizard hits you but does no damage.
The orc hits you with a +2 dagger of venom.
* * * LOW HITPOINT WARNING * * *
You are more poisoned.
You hit something.
Reactivating autopickup.
You feel a bit more experienced.
You die...

######
.#########....#
#........#....#
.........#....#
.......o@#(...#
.......o).....#
#........#....#
#........#....#
......>..#.<..#
#........#....#
###############


You could see an orc wizard and an orc.

Vanquished Creatures
  A black bear (D:4)
  2 centaurs (D:4)
  A hound (D:4)
  An orc priest (D:3)
  4 orc wizards
  4 adders
  A worm (D:2)
  2 dart slugs
  9 orcs
  3 bats
  9 endoplasms
  2 giant cockroaches
  2 goblins
  9 hobgoblins
  4 jackals
  4 quokkas
  5 ball pythons
  4 frilled lizards
  7 kobolds
  3 rats
77 creatures vanquished.

Notes
Turn   | Place    | Note
-------+----------+-------------------------------------------
     0 | D:1      | Nedwor the Demonspawn Fighter began the quest for the Orb.
     0 | D:1      | Reached XP level 1. HP: 18/18 MP: 1/1
   283 | D:1      | Gained mutation: You have large cloven feet. [demonic
                  | ancestry]
   283 | D:1      | Reached XP level 2. HP: 24/24 MP: 2/2
   861 | D:2      | Reached skill level 1 in Dodging
   861 | D:2      | Gained mutation: You regenerate magic rapidly. [demonic
                  | ancestry]
   861 | D:2      | Reached XP level 3. HP: 28/29 MP: 3/3
  1876 | D:3      | Gained mutation: A meltable shield of frost defends you.
                  | (SH +4) [demonic ancestry]
  1876 | D:3      | Reached XP level 4. HP: 16/35 MP: 4/4
  2235 | D:3      | Reached XP level 5. HP: 33/41 MP: 5/5
  3238 | D:4      | Noticed a black bear
  3252 | D:4      | Killed a black bear
  3253 | D:4      | Reached XP level 6. HP: 31/48 MP: 6/6
  3734 | D:4      | Found an ancient bone altar of Kikubaaqudgha.
  4057 | D:5      | Entered Level 5 of the Dungeon
  4085 | D:5      | HP: 1/48 [orc/+2 dagger of venom (2)]
  4086 | D:5      | Succumbed to an orc's poison

Illustrated notes

Levels and vault maps discovered:
D:1:      dpeg_arrival_renting, layout_basic
D:2:      layout_basic
D:3:      layout_loops_ring
D:4:      layout_layer_cave, mainiacjoe_overflow_tiny_flanked,
          minmay_manual_mares
D:5:      layout_rooms, slow_altar_1

Skill      XL: |  1  2  3  4  5  6 |
---------------+-------------------+-----
Short Blades   | 2 3 4 |  4.2
Dodging        | 1 2 |  2.3
Armour         | 3 |  3.8
Shields        | 3 |  3.7
Fighting       | 4 |  4.1

Action                     |  1- 3 |  4- 6 || total
---------------------------+-------+-------++-------
  Melee: Rapier            |   132 |   208 ||   340
         Kick              |    27 |    50 ||    77
    Use: Scroll            |     7 |     4 ||    11
 Armour: Chain mail        |    72 |       ||    72
         Scale mail        |     5 |       ||     5
         Plate armour      |    27 |   223 ||   250
  Dodge: Dodged            |    73 |   134 ||   207
  Block: Buckler           |    25 |    85 ||   110

Table legend: (Time is in decaauts)
 A = Elapsed time spent in this place.
 B = Non-inter-level travel time spent in this place.
 C = Inter-level travel time spent in this place.
 D = Time resting spent in this place.
 E = Time spent auto-exploring this place.
 F = Levels seen in this place.
 G = Mean time per level.
                   A        B        C        D        E       F      G
               +--------+--------+--------+--------+--------+-----+--------+
         Total |   4116 |   3972 |    144 |    582 |   2663 |   5 |  823.2 |
       Dungeon |   4116 |   3972 |    144 |    582 |   2663 |   5 |  823.2 |
               +--------+--------+--------+--------+--------+-----+--------+

Top non-repeatable levels by time:
     D:4: 1283 daAuts
     D:2: 999 daAuts
     D:3: 950 daAuts
     D:1: 852 daAuts
     D:5: 28 daAuts
